 Dungeon Crawl Stone Soup version 0.26.1-11-gd32895ea62 (webtiles) character file.

Game seed: 4008197002359583526

7086 nothank2 the Carver (level 10, -7/77 HPs)
             Began as a Minotaur Fighter on June 22, 2021.
             Was a Follower of Hepliaklqana.
             Killed by divine providence
             ... invoked by an orc priest
              (12 damage)
             ... on level 10 of the Dungeon.
             The game lasted 00:19:53 (9940 turns).

nothank2 the Carver (Minotaur Fighter)              Turns: 9940, Time: 00:19:53

Health: -7/77      AC: 14    Str: 23    XL:     10   Next: 84%
Magic:  9/9        EV:  7    Int:  5    God:    Hepliaklqana [*.....]
Gold:   526        SH: 13    Dex: 11    Spells: 9/9 levels left

rFire    + + +     SeeInvis .   B - +8 trident "Xodoups" {flame, *Noise rElec rF+}
rCold    . . .     Faith    .   c - +1 kite shield
rNeg     . . .     Spirit   .   z - +0 plate armour
rPois    .         Reflect  .   (helmet restricted)
rElec    +         Harm     .   (no cloak)
rCorr    .         Rampage  .   (no gloves)
Will     .....                  (no boots)
Stlth    ..........             (no amulet)
HPRegen  0.22/turn              g - ring of protection from fire
MPRegen  0.11/turn              r - ring of protection from fire

@: no status effects
A: retaliatory headbutt, reduced essence, horns 2
a: Renounce Religion, Recall Ancestor, Ancestor Identity


You were on level 10 of the Dungeon.
You worshipped Hepliaklqana.
Hepliaklqana was aware of your devotion.
You visited 1 branch of the dungeon, and saw 10 of its levels.
You also visited: Ossuary.

You collected 526 gold pieces.

Inventory:

Hand Weapons
 a - a +1 long sword
 B - the +8 trident "Xodoups" (weapon) {flame, *Noise rElec rF+}
   (You found it on level 5 of the Dungeon)

   It has been specially enchanted to burn those struck by it, causing extra
   injury to most foes and up to half again as much damage against particularly
   susceptible opponents.
   It protects you from fire.
   It insulates you from electricity.
   It may make noises in combat.
Missiles
 F - 44 poisoned darts (quivered)
Armour
 c - a +1 kite shield (worn)
 z - a +0 plate armour (worn)
Jewellery
 g - a ring of protection from fire (left hand)
 r - a ring of protection from fire (right hand)
Wands
 x - a wand of acid (7)
 y - a wand of flame (18)
 D - a wand of paralysis (6)
 I - a wand of digging (3)
 J - a wand of polymorph (3)
Scrolls
 b - 2 scrolls of amnesia
 e - 2 scrolls of enchant armour
 i - 4 scrolls of enchant weapon
 j - 8 scrolls of identify
 l - 3 scrolls of magic mapping
 m - 2 scrolls of blinking
 o - 3 scrolls of remove curse
 w - a scroll of teleportation
 H - a scroll of fog
Potions
 d - a potion of might
 f - 6 potions of curing
 h - 2 potions of haste {unknown}
 k - a potion of lignification {unknown}
 n - a potion of magic {unknown}
 p - 2 potions of degeneration
 q - 4 potions of cancellation {unknown}
 s - 2 potions of flight {unknown}
 t - 5 potions of heal wounds {unknown}
 u - a potion of berserk rage {unknown}
 v - a potion of resistance {unknown}
 A - 2 potions of mutation {unknown}
 C - 3 potions of brilliance {unknown}
 E - 4 potions of ambrosia {unknown}


   Skills:
 + Level 7.3 Fighting
 - Level 11.6 Long Blades
 - Level 1.0 Polearms
 - Level 1.1 Throwing
 + Level 10.9 Armour
 + Level 1.4 Dodging
 + Level 11.0 Shields


You had 9 spell levels left.
You didn't know any spells.
Your spell library contained the following spells:

 Spells                   Type           Power        Failure   Level
 Sting                    Tmut/Pois      0%           100%        1
 Poisonous Vapours        Pois/Air       0%           100%        2
 Sublimation of Blood     Necr           0%           100%        2
 Ignite Poison            Fire/Tmut/Pois 0%           100%        3
 Mephitic Cloud           Conj/Pois/Air  0%           100%        3
 Olgreb's Toxic Radiance  Pois           0%           100%        4
 Petrify                  Tmut/Erth      0%           100%        4
 Alistair's Intoxication  Tmut/Pois      0%           100%        5
 Irradiate                Conj/Tmut      0%           100%        5
 Eringya's Noxious Bog    Tmut/Pois      0%           100%        6


Dungeon Overview and Level Annotations

Branches:
Dungeon (10/15)              Lair (0/6) D:9         Ossuary (visited)
 Temple: D:4-7          Orc: D:9-12

Altars:
Ashenzari
Cheibriados
Gozag
Hepliaklqana
Kikubaaqudgha
Makhleb
Nemelex Xobeh
Okawaru
Ru
Sif Muna
Vehumet
Xom

Shops:
D:6 *

Annotations:
D:3 2 transporters, Pepete's ghost, amateur TeCj
D:6 1 runed translucent door, SunnyBump's ghost, novice MiGl


Innate Abilities, Weirdness & Mutations

You reflexively headbutt those who attack you in melee.
You have a pair of horns on your head.
Your life essence is reduced to manifest your ancestor. (-10% HP)


Message History

The troll claws you.
* * * LOW HITPOINT WARNING * * *
You block the troll's attack.
Septimus barely misses the orc.
The orc hits Septimus but does no damage.
Septimus barely misses the orc.
The orc priest looks encouraged for a moment.
The orc hits Septimus with a +0 mace.
Septimus closely misses the orc.
The orc priest miscasts a cantrip.
Septimus hits the orc!
The orc hits Septimus with a +0 mace.
Septimus hits the orc.
The orc dies!
The orc priest invokes the aid of Beogh against you.
Beogh smites you!
* * * LOW HITPOINT WARNING * * *
The orc priest looks encouraged for a moment.
Septimus hits the orc priest!
The orc priest mumbles some strange prayers to Beogh against you.
Beogh smites you!
You die...

##.o#...# ##
##..#..# ###.
##Ro#.# #...
##>..## .....
###..## ##. .....
##T.## ##... ...##
##..#####..... .#
##..#........
##@........#
##......##
#....### ##..##
##..#
#...#############
##................
#.>...............
#.[..#############


You could see the friendly Septimus the ancestor, a troll and an orc priest.

Vanquished Creatures
  2 two-headed ogres
  Psyche (D:9)
  2 centaur zombies
  A komodo dragon (D:9)
  Grinder (D:3)
  A water moccasin (D:8)
  2 sky beasts
  2 orc warriors
  3 ice beasts
  8 ogres
  3 centaurs
  2 phantoms
  4 bullfrogs
  2 elf zombies (Ossuary)
  A scorpion (D:5)
  7 killer bees
  A howler monkey (D:8)
  A jelly (D:9)
  A bullfrog zombie (D:6)
  A hound (D:9)
  2 orc priests
  3 bullfrog skeletons
  Jessica (D:3)
  2 centaur skeletons
  4 iguanas
  6 orc wizards
  A worker ant (D:8)
  A big kobold zombie (Ossuary)
  3 mummies
  A worker ant zombie (D:8)
  A howler monkey skeleton (D:8)
  14 adders
  A white imp (D:6)
  3 ufetubi
  An ooze (D:3)
  2 adder zombies (Ossuary)
  An adder skeleton (D:8)
  A worm (D:3)
  2 leopard geckos
  24 orcs
  2 giant cockroaches
  5 goblins
  6 hobgoblins
  9 jackals
  5 kobolds
  6 quokkas
  4 bats
  2 frilled lizards
  3 goblin zombies (Ossuary)
  6 hobgoblin zombies
  A jackal zombie (Ossuary)
  11 kobold zombies
  10 orc zombies (Ossuary)
  2 rats (D:2)
  2 rat zombies (Ossuary)
194 creatures vanquished.

Vanquished Creatures (collateral kills)
  A two-headed ogre (D:9)
  An ice beast (D:10)
  A necrophage (D:9)
  2 ogres (D:8)
  3 killer bees (D:9)
  An orc wizard (D:9)
  A hound skeleton (D:9)
  An adder (D:9)
  2 orcs
13 creatures vanquished.

Vanquished Creatures (others)
  3 plants (D:9)
3 creatures vanquished.

Grand Total: 210 creatures vanquished

Notes
Turn   | Place    | Note
-------+----------+-------------------------------------------
     0 | D:1      | nothank2 the Minotaur Fighter began the quest for the Orb.
     0 | D:1      | Reached XP level 1. HP: 19/19 MP: 0/0
   163 | D:1      | Reached XP level 2. HP: 23/26 MP: 1/1
   981 | D:2      | Reached XP level 3. HP: 27/31 MP: 2/2
  1335 | D:2      | Found a faded altar of an unknown god.
  1570 | D:3      | Found a transporter.
  1578 | D:3      | Noticed Pepete's ghost (amateur TeCj)
  1581 | D:3      | Found a transporter.
  1588 | D:3      | Reached skill level 5 in Long Blades
  1761 | D:3      | Reached XP level 4. HP: 19/39 MP: 3/3
  2049 | D:3      | Noticed a centaur
  2054 | D:3      | Killed a centaur
  2055 | D:3      | Reached XP level 5. HP: 33/45 MP: 4/4
  2303 | D:3      | Noticed Jessica
  2305 | D:3      | Killed Jessica
  2461 | D:3      | Found an opulent altar of Gozag.
  2462 | D:3      | Noticed Grinder
  2474 | D:3      | Killed Grinder
  2475 | D:3      | Reached XP level 6. HP: 23/51 MP: 5/5
  2669 | D:3      | Found a burning altar of Makhleb.
  2776 | D:4      | Found an ancient bone altar of Kikubaaqudgha.
  2841 | D:4      | Reached XP level 7. HP: 31/57 MP: 6/6
  3640 | D:5      | Entered Level 5 of the Dungeon
  3692 | D:5      | Reached skill level 10 in Long Blades
  4088 | D:5      | Reached skill level 1 in Throwing
  4481 | D:5      | Got a fading trident
  4482 | D:5      | Identified the +8 trident "Xodoups" {flame, *Noise rElec
                  | rF+} (You found it on level 5 of the Dungeon)
  4566 | D:5      | Found a snail-covered altar of Cheibriados.
  4567 | D:5      | Found a broken altar of Ashenzari.
  4710 | D:6      | Found a shimmering altar of Xom.
  4725 | D:6      | Reached XP level 8. HP: 55/64 MP: 7/7
  4936 | D:6      | Reached skill level 1 in Polearms
  5096 | D:6      | Found a runed translucent door.
  5106 | D:6      | Found Zudaohirecs's Assorted Antiques.
  5112 | D:6      | Noticed SunnyBump's ghost (novice MiGl)
  5218 | D:6      | Noticed a two-headed ogre
  5572 | D:5      | Killed a two-headed ogre
  5573 | D:5      | Reached skill level 5 in Shields
  5573 | D:5      | Reached XP level 9. HP: 32/73 MP: 8/8
  6110 | D:7      | Reached skill level 5 in Fighting
  6725 | D:7      | Found a sacrificial altar of Ru.
  6811 | D:8      | Found a sand-covered staircase.
  6818 | D:8      | Noticed a two-headed ogre
  6825 | D:8      | Killed a two-headed ogre
  6861 | D:8      | HP: 3/74 [poisoned by a killer bee]
  6863 | D:8      | Reached XP level 10. HP: 4/83 MP: 9/9
  7195 | Ossuary  | Entered an ossuary
  7724 | D:8      | Found a hazy altar of Hepliaklqana.
  7724 | D:8      | Found a shimmering blue altar of Sif Muna.
  7738 | D:8      | Became a worshipper of Hepliaklqana the Forgotten
  7835 | D:8      | Reached skill level 1 in Dodging
  8225 | D:9      | Found a radiant altar of Vehumet.
  8225 | D:9      | Found a sparkling altar of Nemelex Xobeh.
  8232 | D:9      | Found an iron altar of Okawaru.
  8232 | D:9      | Found a shimmering altar of Xom.
  8264 | D:9      | Noticed a two-headed ogre
  8271 | D:9      | Killed a two-headed ogre
  8272 | D:9      | Reached skill level 10 in Armour
  8272 | D:9      | Reached skill level 10 in Shields
  8343 | D:9      | Noticed Psyche
  8347 | D:9      | Killed Psyche
  8885 | D:9      | Reached * piety under Hepliaklqana
  8990 | D:9      | Found a staircase to the Lair.
  9682 | D:10     | Entered Level 10 of the Dungeon
  9940 | D:10     | Killed from afar by an orc priest

Illustrated notes

Levels and vault maps discovered:
D:1:      heliophobic_arrival_enchanted_forest, layout_basic
D:2:      layout_rooms, chequers_ecumenical_altar_island
D:3:      layout_basic, nicolae_overflow_hidden_temple, lemuel_doored_altar,
          gammafunk_ghost_arena, uniq_grinder, uniq_jessica
D:4:      layout_loops_ring, kiku_gazebo_pond_becter
D:5:      layout_gridville, minitemple
D:6:      layout_cave_pools, minmay_temple_entry_from_below_a, serial_shops,
          shop, ebering_ghost_sewer_d, xom_teletrap_fun
D:7:      layout_rooms, marbit_many_paths
D:8:      layout_basic, amethyst_overflow_temple_binary,
          nicolae_ossuary_entry_giza
D:9:      layout_gridville, grunt_temple_overflow_open, david_lair_shrubbed,
          uniq_psyche
D:10:     layout_cave_pods

Skill      XL: |  1  2  3  4  5  6  7  8  9 10 |
---------------+-------------------------------+-----
Long Blades    | 3 4 5 6 8 9 11 | 11.6
Throwing       | 1 |  1.1
Polearms       | 1 |  1.0
Armour         | 6 9 10 | 10.9
Shields        | 5 8 11 | 11.0
Fighting       | 4 5 7 |  7.3
Dodging        | 1 |  1.4

Action                   |  1- 3 |  4- 6 |  7- 9 | 10-12 || total
-------------------------+-------+-------+-------+-------++-------
Melee: Long sword        |    66 |    43 |    66 |       ||   175
       Headbutt          |    12 |    11 |    37 |    34 ||    94
       Trident           |       |       |   134 |   216 ||   350
Throw: Boomerang         |       |     4 |    10 |       ||    14
       Dart              |       |       |       |    14 ||    14
Invok: Recall Ancestor   |       |       |       |     1 ||     1
  Use: Scroll            |     4 |       |     6 |     4 ||    14
       Potion            |       |       |     1 |     1 ||     2
Armor: Scale mail        |    23 |    10 |       |       ||    33
       Plate armour      |       |       |   112 |    93 ||   205
Dodge: Dodged            |    23 |    10 |    59 |    44 ||   136
Block: Kite shield       |    52 |    18 |   166 |   122 ||   358
       Rpst.: Long sword |     5 |     4 |     5 |       ||    14
